 Dungeon Crawl Stone Soup version 0.29-a0-659-g28b9d68c38 (webtiles) character file.

Game seed: 12993551779152551857

154 Glokmah the Cutter (level 5, -2/32 HPs)
             Began as a Kobold Fighter on June 22, 2022.
             Slain by Sigmund
             ... wielding a +0 scythe
              (9 damage)
             ... on level 3 of the Dungeon.
             The game lasted 00:04:55 (3385 turns).

Glokmah the Cutter (Kobold Fighter)                 Turns: 3385, Time: 00:04:56

Health: -2/32      AC:  6    Str: 15    XL:     5   Next: 63%
Magic:  5/5        EV: 10    Int: 10    God:
Gold:   106        SH: 10    Dex: 14    Spells: 4/4 levels left

rFire   . . .      SeeInvis .   a - +0 rapier
rCold   . . .      Faith    .   c - +0 buckler
rNeg    . . .      Spirit   .   b - +0 scale mail
rPois   .          Reflect  +   (no helmet)
rElec   .          Harm     .   (no cloak)
rCorr   .          Rampage  .   (no gloves)
Will    .....                   (no boots)
Stlth   ++........              r - amulet of reflection
HPRegen 0.10/turn               (no ring)
MPRegen 0.09/turn               (no ring)

@: no status effects
A: small, no large weapons, nightstalker 3
a: no special abilities


You were on level 3 of the Dungeon.
You visited 1 branch of the dungeon, and saw 3 of its levels.

You collected 106 gold pieces.

Inventory:

Hand Weapons
 a - a +0 rapier (weapon)
 f - a +4 spear
Missiles
 w - 2 poisoned darts (quivered)
 x - 5 atropa-tipped darts
Armour
 b - a +0 scale mail (worn)
 c - a +0 buckler (worn)
 p - an orb of mayhem
Jewellery
 r - an amulet of reflection (around neck)
 u - a ring of fire
Scrolls
 e - 2 scrolls of fear {unknown}
 g - 3 scrolls of identify {unknown}
 h - a scroll of vulnerability {unknown}
 i - 2 scrolls of teleportation {unknown}
 j - a scroll of brand weapon {unknown}
 k - a scroll of blinking {unknown}
 s - a scroll of enchant weapon {unknown}
 y - a scroll of torment {unknown}
Potions
 d - a potion of might
 l - a potion of cancellation {unknown}
 m - a potion of mutation {unknown}
 n - a potion of degeneration {unknown}
 o - 3 potions of curing {unknown}
 q - a potion of berserk rage {unknown}
 t - a potion of attraction {unknown}
 v - 2 potions of lignification {unknown}
 z - a potion of heal wounds {unknown}


   Skills:
 - Level 3.2 Fighting
 * Level 6.0 Short Blades
 - Level 2.4 Armour
 + Level 3.8 Stealth
 - Level 2.4 Shields


You had 4 spell levels left.
You didn't know any spells.
Your spell library contained the following spells:

 Spells                   Type           Power      Damage    Failure   Level
 Sting                    Tmut/Pois      0%         1d3       92%         1
 Poisonous Vapours        Pois/Air       0%         N/A       98%         2
 Dazzling Flash           Conj/Hex       0%         N/A       100%        3
 Olgreb's Toxic Radiance  Pois           0%         N/A       100%        4
 Agony                    Necr           0%         N/A       100%        5
 Silence                  Hex/Air        0%         N/A       100%        5


Dungeon Overview and Level Annotations

Branches:
Dungeon (3/15)

Altars:

Annotations:
D:3 Sigmund


Innate Abilities, Weirdness & Mutations

You are small and have problems with some larger weapons.
You are completely attuned to the shadows.


Message History

Press: ? - help, Q - select action, (/) - cycle Dir - look around, f - activate
Okay, then.
You bump into the stone wall.
Sigmund gestures at you while chanting. The magic dart hits you!
You bump into the stone wall.
Sigmund closely misses you.
You bump into the stone wall.
Sigmund barely misses you.
You feel less confused.
Throw: 4 darts (poison)
Press: ? - help, Q - select action, (/) - cycle Shift-Dir - straight line, f - Sigmund
Aim: Sigmund, wielding a +0 scythe and wearing a +0 robe (heavily wounded, 55% to hit)
You throw a poisoned dart. The poisoned dart hits Sigmund.
Sigmund is poisoned.
Sigmund is heavily wounded.
Throw: 3 darts (poison)
Press: ? - help, Q - select action, (/) - cycle Shift-Dir - straight line, f/p - Sigmund
Aim: Sigmund, wielding a +0 scythe and wearing a +0 robe (heavily wounded, poisoned, 55% to hit)
You throw a poisoned dart.
The poisoned dart barely misses Sigmund.
Sigmund barely misses you. Sigmund hits you with a +0 scythe.
* * * LOW HITPOINT WARNING * * *
You hit Sigmund.
Sigmund is severely wounded.
You block the frilled lizard's attack.
You barely miss Sigmund.
Sigmund is severely wounded.
You block Sigmund's attack. The frilled lizard bites you.
* * * LOW HITPOINT WARNING * * *
You hit Sigmund but do no damage.
Sigmund is severely wounded.
The frilled lizard barely misses you. Sigmund hits you with a +0 scythe.
* * * LOW HITPOINT WARNING * * *
You hit Sigmund.
Sigmund is almost dead.
You block the hobgoblin's attack.
The frilled lizard bites you but does no damage.
You hit Sigmund.
Sigmund is almost dead.
You block the hobgoblin's attack. Sigmund hits you with a +0 scythe!
You die...

##.. ##. ....
#. ... ####.
#########.#
#....
#.......#.#
#####
#.####..'.#
#.# #####.#
#.# #..##@##
#.# #.##gl@##
#.# #.#..†.(#
#.#
#.#....(..g.
#.#
#.#.....####
#.###.##...##
#.....######
### ####).###
###### #.#
#..... .....#
#.#


You could see Sigmund (poisoned), a hobgoblin and a frilled lizard.

Vanquished Creatures
  An orc wizard (D:3)
  6 adders
  4 orcs (D:3)
  10 bats
  8 endoplasms
  2 giant cockroaches
  3 hobgoblins (D:2)
  A jackal (D:3)
  2 quokkas
  6 ball pythons
  5 frilled lizards
  7 goblins
  8 kobolds
  9 rats
72 creatures vanquished.

Notes
Turn   | Place    | Note
-------+----------+-------------------------------------------
     0 | D:1      | Glokmah the Kobold Fighter began the quest for the Orb.
     0 | D:1      | Reached XP level 1. HP: 14/14 MP: 1/1
   100 | D:1      | Reached skill level 3 in Short Blades
   144 | D:1      | Reached skill level 1 in Stealth
   148 | D:1      | Reached XP level 2. HP: 12/19 MP: 2/2
   779 | D:1      | Reached XP level 3. HP: 20/23 MP: 3/3
  1113 | D:2      | Reached skill level 4 in Short Blades
  1180 | D:2      | Noticed a black bear
  1388 | D:2      | Reached XP level 4. HP: 28/28 MP: 4/4
  1872 | D:2      | Found a faded altar of an unknown god.
  2022 | D:2      | Reached skill level 5 in Short Blades
  2703 | D:3      | Reached XP level 5. HP: 32/32 MP: 5/5
  3297 | D:3      | Reached skill level 6 in Short Blades
  3353 | D:3      | Noticed Sigmund
  3385 | D:3      | Slain by Sigmund

Illustrated notes

Levels and vault maps discovered:
D:1:      zaba_arrival_water, layout_basic, hangedman_decor_lopped
D:2:      layout_basic, dilly_ecumenical_altar_fadedgnrine, minmay_bisected
D:3:      minmay_octagon_keep, layout_loops_ring, uniq_sigmund

Skill      XL: |  1  2  3  4  5 |
---------------+----------------+-----
Short Blades   | 3 4 5 6 |  6.0
Stealth        | 1 2 3 |  3.8
Fighting       | |  3.2
Armour         | |  2.4
Shields        | |  2.4

Action                   |  1- 3 |  4- 6 || total
-------------------------+-------+-------++-------
Melee: Rapier            |    67 |   115 ||   182
Throw: Dart              |       |     2 ||     2
 Stab: Sleeping          |     6 |    11 ||    17
       Distracted        |     1 |       ||     1
Armor: Scale mail        |    19 |    19 ||    38
Dodge: Dodged            |    39 |    42 ||    81
Block: Buckler           |    18 |    47 ||    65

Table legend: (Time is in decaauts)
 A = Elapsed time spent in this place.
 B = Non-inter-level travel time spent in this place.
 C = Inter-level travel time spent in this place.
 D = Time resting spent in this place.
 E = Time spent auto-exploring this place.
 F = Levels seen in this place.
 G = Mean time per level.
                   A        B        C        D        E       F      G
               +--------+--------+--------+--------+--------+-----+--------+
         Total |   3420 |   3293 |    127 |      0 |   2584 |   3 | 1140.0 |
       Dungeon |   3420 |   3293 |    127 |      0 |   2584 |   3 | 1140.0 |
               +--------+--------+--------+--------+--------+-----+--------+

Top non-repeatable levels by time:
     D:2: 1352 daAuts
     D:1: 1177 daAuts
     D:3: 889 daAuts
